 Dungeon Sprint DCSS version 0.24.0-125-gc4c63601f3 (webtiles) character file.

Game seed: 5101354219919350371, levelgen mode: deterministic

1740 Ponchio the Geomancer (level 8, -9/56 HPs)
             Began as a Deep Elf Earth Elementalist on Feb 17, 2020.
             Engulfed by a cloud of freezing vapour (23 damage)
             ... in the Dungeon (Sprint II: "The Violet Keep of Menkaure").
             The game lasted 00:09:49 (1009 turns).

Ponchio the Geomancer (Deep Elf Earth Elementalist) Turns: 1009, Time: 00:09:50

Health: -9/56      AC:  2    Str:  5    XL:     8   Next: 77%
Magic:  26/26      EV: 19    Int: 23    God:
Gold:   149        SH:  0    Dex: 15    Spells: 10/31 levels left

rFire    . . .     SeeInvis .   (no weapon)
rCold    . . .     Gourm    .   (no shield)
rNeg     . . .     Faith    .   c - +0 robe
rPois    .         Spirit   .   (no helmet)
rElec    .         Reflect  .   (no cloak)
rCorr    .         Harm     .   (no gloves)
MR       .....     NoTele   +   (no boots)
Stlth    ++........             (no amulet)
HPRegen  0.18/turn              (no ring)
MPRegen  0.20/turn              (no ring)

@: no status effects
A: no striking features
a: no special abilities


You were in the Dungeon.
You were not hungry.

You visited 1 branch You collected 972 gold pieces.
You spent 823 gold pieces at shops.

Inventory:

Missiles
 b - 12 stones (quivered)
Armour
 c - a +0 robe (worn)
Scrolls
 a - a scroll of blinking
Potions
 e - 3 potions of curing
 f - a potion of magic
 g - a potion of haste
 i - a potion of berserk rage


   Skills:
 * Level 9.4 Fighting
 + Level 9.7 Dodging
 - Level 2.4 Stealth
 - Level 12.1 Spellcasting
 - Level 1.1 Transmutations
 - Level 12.2 Earth Magic


You had 10 spell levels left.
You knew the following spells:

 Your Spells              Type           Power        Failure   Level  Hunger
a - Sandblast             Erth           ######       1%          1    None
b - Passwall              Tmut/Erth      #####...     1%          2    None
c - Stone Arrow           Conj/Erth      #####.       1%          3    None
d - Petrify               Tmut/Erth      #####...     3%          4    None
e - Lee's Rapid Deconstr  Erth           ######....   1%          5    ####...
f - Iron Shot             Conj/Erth      #####.....   50%         6    #####..

Your spell library contained the following spells:

 Spells                   Type           Power        Failure   Level  Hunger
 Bolt of Magma            Conj/Fire/Erth ####......   24%         5    ####...
 Iskenderun's Battlesphe  Conj/Chrm      ##......     77%         5    ####...
 Venom Bolt               Conj/Pois      ##........   77%         5    ####...
 Orb of Destruction       Conj           ##........   100%        7    #######
 Spellforged Servitor     Conj/Summ      ##........   100%        7    #######


Dungeon Overview and Level Annotations

Branches:
Dungeon (1/1)

Altars:

Shops:
D ![:=}[(!=[?*(:}%

Annotations:
D exclusion: oklob plant


Message History

The bolt of cold hits you!!!
Ouch! That really hurt!
Casting: Lee's Rapid Deconstruction (safe; 1% risk of failure)
Confirm with . or Enter, or press ? or * to list all spells.
Aiming: Lee's Rapid Deconstruction (safe; 1% risk of failure)
Press: ? - help, Dir - move target cursor, f/p - ice statue Fragment what (e.g. wall or brittle monster)?: an ice statue (freezing vapour, heavily damaged)
The ice statue shatters!!!
You blow up the ice statue!
Your Fighting skill increases to level 9!
You are near starving!
There is an open door here.
You start resting.
Magic restored.
You eat the ration.
That ration really hit the spot!
You start resting.
You are engulfed in freezing vapours.
* * * LOW HITPOINT WARNING * * *
You are engulfed in freezing vapours.
You die...

*******,,+..○○○°.°...#*++**,,,+,,
,,**,,,***#°.....○○.#*≈,,,***,*,,
,,,*,,,,,≈##,.○.°○.#*,≈,,,,,***,,
#########≈≈#+++#○''##***,,,,*,**,
########≈≈≈.........#,,+,,,,*,,*,
.......#≈≈≈≈.##○##..#,,****,*,,*,
...⌠...#≈≈≈≈##.#°##.#***,,+,****,
..∩.∩..#≈≈≈≈#..#°○#,..,*,,*,,,***
.∩.∩.∩.#≈≈####.#@####..*****,,**,
∩.∩.∩.∩#≈##.###'###.##..*,,+,,*,,
.∩...∩.#≈#...##.##...#,.*,,*,,*,,
∩.....∩'≈'##.'.<.'.##+,,****,,**,
.......#≈#...##.####,*,,,,***,,,*
▓▓▓▓▓###≈##.###÷##*,**,,,,,,≈≈≈≈≈
D{######≈≈####.#.##**≈≈,,,,,≈*+**
${#J$+,##≈≈≈#.###.#≈≈≈≈≈≈≈,,≈*_,_
P!+..#+*#'#≈##.#.##≈≈≈≈≈≈≈≈,≈*,_,


There were no monsters in sight!

Vanquished Creatures
  An ice statue (D)
  2 tyrant leeches (D)
  A blink frog (D)
  2 hippogriffs (D)
  Menkaure (D)
  4 necrophages (D)
  2 worms (D)
13 creatures vanquished.

Vanquished Creatures (others)
  A crocodile (D)
1 creature vanquished.

Grand Total: 14 creatures vanquished

Notes
Turn   | Place    | Note
-------+----------+-------------------------------------------
     0 | D        | Ponchio the Deep Elf Earth Elementalist began the quest for
                  | the Orb.
     0 | D        | Reached XP level 1. HP: 10/10 MP: 6/6
    59 | D        | Killed a crocodile
    87 | D        | Noticed a hippogriff
    87 | D        | Noticed a hippogriff
    91 | D        | Noticed a necrophage
    91 | D        | Noticed a necrophage
    91 | D        | Noticed a necrophage
    91 | D        | Noticed a necrophage
    97 | D        | Killed a necrophage
    97 | D        | Reached XP level 2. HP: 7/15 MP: 1/12
    97 | D        | Reached XP level 3. HP: 9/19 MP: 1/13
    97 | D        | Reached XP level 4. HP: 11/24 MP: 1/15
    99 | D        | Killed a necrophage
    99 | D        | Reached skill level 10 in Earth Magic
    99 | D        | Reached XP level 5. HP: 13/28 MP: 15/18
   101 | D        | Killed a necrophage
   103 | D        | Killed a necrophage
   103 | D        | Reached skill level 10 in Spellcasting
   103 | D        | Reached XP level 6. HP: 10/32 MP: 12/21
   321 | D        | Learned a level 2 spell: Passwall
   325 | D        | Learned a level 3 spell: Stone Arrow
   330 | D        | Learned a level 4 spell: Petrify
   336 | D        | Learned a level 5 spell: Lee's Rapid Deconstruction
   355 | D        | Noticed a tyrant leech
   355 | D        | Noticed a tyrant leech
   361 | D        | Killed a tyrant leech
   361 | D        | Reached XP level 7. HP: 13/42 MP: 0/23
   364 | D        | Killed a tyrant leech
   364 | D        | Reached skill level 5 in Fighting
   570 | D        | Found Fimiushra's Book Shoppe.
   570 | D        | Found Holim's Gadget Shoppe.
   570 | D        | Found Dualanon's General Store.
   570 | D        | Found Hirghae's Antique Weapon Emporium.
   570 | D        | Found Guniygas's Antique Armour Shoppe.
   570 | D        | Found Doxeuleng's Magic Scroll Shoppe.
   571 | D        | Found Tebryts's Jewellery Shoppe.
   571 | D        | Found Jibimez's Distillery.
   572 | D        | Found Terreym's Weapon Shoppe.
   572 | D        | Found Kaext's Antique Armour Emporium.
   573 | D        | Found Saxurots's Food Emporium.
   573 | D        | Noticed an ice dragon
   574 | D        | Found Daocwyus's Gadget Shoppe.
   574 | D        | Found Qugept's Jewellery Emporium.
   574 | D        | Noticed Menkaure
   574 | D        | Noticed an oklob plant
   575 | D        | Found Pewnofea's Antique Armour Shoppe.
   575 | D        | Found Buahedum's Distillery.
   575 | D        | Found Uded Ycwi's Book Shoppe.
   578 | D        | Killed Menkaure
   607 | D        | Killed a hippogriff
   607 | D        | Reached XP level 8. HP: 53/53 MP: 15/26
   608 | D        | Killed a hippogriff
   695 | D        | Noticed a slime creature
   695 | D        | Noticed a slime creature
   697 | D        | Noticed a slime creature
   719 | D        | Bought a scroll of magic mapping for 42 gold pieces
   729 | D        | Bought a book of Power for 495 gold pieces
   840 | D        | Learned a level 6 spell: Iron Shot
   851 | D        | Noticed a blink frog
   852 | D        | Killed a blink frog
   892 | D        | Bought a scroll of blinking for 90 gold pieces
   900 | D        | Bought 2 potions of curing for 84 gold pieces
   900 | D        | Bought a potion of magic for 112 gold pieces
   922 | D        | Noticed an ice statue
   929 | D        | Killed an ice statue
  1009 | D        | Engulfed by a cloud of freezing vapour

Levels and vault maps discovered:
D:        the_violet_keep_of_menkaure [sprint2_stairs_cluster_1,
          sprint2_shoproom, sprint2_temple, sprint2_basic_supplies,
          sprint2_obstacle_5, sprint2_obstacle_7, sprint2_obstacle_2,
          sprint2_obstacle_6, sprint2_obstacle_3, sprint2_timed_cluster_1,
          sprint2_smallroom_cluster_1, sprint2_smallroom_final_cluster_1,
          sprint2_transparent_cluster_1, sprint2_second_timed_cluster_1,
          sprint2_sniper_area_1, sprint2_heavy_combat_area_1,
          sprint2_mutation_trap_area_1, sprint2_forest_area_1,
          sprint2_light_combat_area_1, sprint2_behind_water_1,
          sprint2_near_end_vault_1]

Skill      XL: |  1  2  3  4  5  6  7  8 |
---------------+-------------------------+-----
Earth Magic    | 8 10 12 | 12.2
Spellcasting   | 7 8 10 11 12 | 12.1
Fighting       | 3 7 9 |  9.4
Dodging        | 4 7 9 |  9.7
Stealth        | |  2.4
Transmutations | |  1.1

Action                   |  1- 3 |  4- 6 |  7- 9 || total
-------------------------+-------+-------+-------++-------
 Cast: Sandblast         |    11 |     7 |       ||    18
       Lee's Rapid Decon |       |     3 |     9 ||    12
  Use: Potion            |       |     2 |     1 ||     3
       Scroll            |       |       |     3 ||     3
  Eat: Ration            |       |       |     1 ||     1
Armor: Robe              |     2 |       |       ||     2
Dodge: Dodged            |     1 |     3 |     4 ||     8
